 Dungeon Crawl Stone Soup version 0.20-a0-645-g0ac6e19 (webtiles) character file.

28 Jackolantern the Skirmisher (level 2, -5/28 HPs)
             Began as a Minotaur Abyssal Knight on Feb 15, 2017.
             Was a Follower of Lugonu.
             Slain by a hobgoblin
             ... wielding a +0 club
             ... led by Robin
              (6 damage)
             ... on level 3 of the Dungeon.
             The game lasted 00:01:55 (407 turns).

Jackolantern the Skirmisher (MiAK)                   Turns: 407, Time: 00:01:56

Health: -5/28      AC:  3    Str: 16    XL:     2   Next: 96%
Magic:  2/2        EV: 11    Int:  9    God:    Lugonu [*.....]
Gold:   32         SH:  0    Dex:  9    Spells: 1/1 levels left

rFire    . . .     SeeInvis .   g - +0 dagger (venom)
rCold    . . .     Gourm    .   b - +0 leather armour
rNeg     . . .     Faith    .   (no shield)
rPois    .         Spirit   .   e - +0 hat
rElec    .         Reflect  .   (no cloak)
rCorr    .         Harm     .   (no gloves)
MR       .....                  (no boots)
Stlth    +.........             (no amulet)
Regen    0.1/turn               (no ring)
MPRegen  0.1/turn               (no ring)

@: no status effects
A: retaliatory headbutt, horns 2
a: Depart the Abyss, Renounce Religion


You were on level 3 of the Dungeon.
You worshipped Lugonu.
Lugonu was aware of your devotion.
You were not hungry.

You visited 1 branch of the dungeon, and saw 3 of its levels.
You visited the Abyss 1 time.

You collected 32 gold pieces.

Inventory:

Hand Weapons
 a - a +1 falchion
 g - a +0 dagger of venom (weapon)
Armour
 b - a +0 leather armour (worn)
 e - a +0 hat (worn)
Scrolls
 j - a scroll of teleportation {unknown}
 k - a scroll of identify {unknown}
 m - a scroll of fear {unknown}
Potions
 d - a potion of agility {unknown}
 f - a potion of curing {unknown}
 h - a potion of lignification {unknown}
Comestibles
 c - a bread ration
 i - a royal jelly
 l - 4 chunks of flesh


   Skills:
 + Level 4.6 Fighting
 + Level 2.7 Long Blades
 + Level 2.7 Armour
 + Level 1.4 Dodging
 + Level 1.7 Invocations


You had one spell level left.
You didn't know any spells.

Dungeon Overview and Level Annotations

Branches:
Dungeon (3/15)

Altars:

Annotations:
D:3 Robin


Innate Abilities, Weirdness & Mutations

You reflexively headbutt those who attack you in melee.
You have a pair of horns on your head.


Message History

You kill the goblin!
Lugonu accepts your kill. The goblin hits you but does no damage.
You hit the hobgoblin but do no damage. The goblin closely misses you.
You furiously retaliate!
You headbutt the goblin. The hobgoblin completely misses you.
You barely miss the hobgoblin. Your headbutt misses the hobgoblin.
The goblin hits you but does no damage. The hobgoblin hits you with a club.
* * * LOW HITPOINT WARNING * * *
You barely miss the hobgoblin. The goblin hits you.
* * * LOW HITPOINT WARNING * * *
The hobgoblin closely misses you.
You hit the hobgoblin.
The hobgoblin is moderately wounded.
The goblin hits you.
* * * LOW HITPOINT WARNING * * *
You hit the hobgoblin but do no damage. Your headbutt misses the hobgoblin.
The hobgoblin is moderately wounded.
The hobgoblin hits you with a club.
You die...

# ##.# ####.#.#### #.##.#
#.#...##....#....# ...#.#
#........###.###....#.#.#
###...#.#........##...#.#
##.#.###.....##### ##.# #
##.#.#..<## #.# ##.##...#
#.# #g###### #.# #@# #.#
#g# #.# #g# #.# ..gg..[g#
#.# .ggg##### #.# ## #.#
#.. ###


You could see Robin, a hobgoblin and 2 goblins.

Vanquished Creatures
  An adder (D:3)
  2 giant cockroaches (D:3)
  5 goblins
  2 hobgoblins (D:3)
  4 jackals (D:3)
  A bat (D:3)
  A rat (D:3)
16 creatures vanquished.

Notes
Turn   | Place    | Note
-------+----------+-------------------------------------------
     0 | Abyss:1  | Jackolantern the Minotaur Abyssal Knight began the quest for the Orb.
     0 | Abyss:1  | Reached XP level 1. HP: 19/19 MP: 1/1
    75 | Abyss:2  | Noticed a worldbinder
    76 | D:1      | Escaped the Abyss
   284 | D:3      | Reached skill level 4 in Fighting
   289 | D:3      | Reached XP level 2. HP: 20/27 MP: 2/2
   340 | D:3      | Reached * piety under Lugonu
   380 | D:3      | Noticed Robin
   406 | D:3      | HP: 1/28 [goblin[Robin] (1)]
   407 | D:3      | Slain by a hobgoblin

Vault maps used:
D:1:      roderic_dead_forest, minmay_pentomino_o2
D:2:      uniq_sigmund, uniq_jessica
D:3:      uniq_natasha, uniq_robin
Abyss:1:  evilmike_abyss_exit_11
Abyss:2:  abyss_furniture_001, minivault_19

Skill      XL: |  1 |
---------------+----+-----
Fighting       | 4 |  4.6
Long Blades    | |  2.7
Armour         | |  2.7
Dodging        | |  1.4
Invocations    | |  1.7

Action                   || total
-------------------------++-------
Melee: Dagger            ||    47
       Falchion          ||     6
       Headbutt          ||     5
Invok: Depart the Abyss  ||     1
Armor: Leather armour    ||    13
Dodge: Dodged            ||    24
